 Dungeon Crawl Stone Soup version 0.22-a0-425-g89d60a1 (webtiles) character file.

52 JeffiDaFish the Vexing (level 3, -2/36 HPs)
             Began as an Ogre Arcane Marksman on May 23, 2018.
             Slain by Sigmund
             ... wielding a +0 scythe
              (11 damage)
             ... on level 2 of the Dungeon.
             The game lasted 00:06:33 (2132 turns).

JeffiDaFish the Vexing (Ogre Arcane Marksman)       Turns: 2132, Time: 00:06:34

Health: -2/36      AC:  3    Str: 15    XL:     3   Next: 85%
Magic:  3/5        EV: 10    Int: 14    God:
Gold:   137        SH:  0    Dex:  9    Spells: 2/5 levels left

rFire    . . .     SeeInvis .   h - +0 mace
rCold    . . .     Gourm    .   (no shield)
rNeg     . . .     Faith    .   a - +0 robe
rPois    .         Spirit   .   (helmet restricted)
rElec    .         Reflect  .   (no cloak)
rCorr    .         Harm     .   (gloves unavailable)
MR       .....                  (boots unavailable)
Stlth    +.........             (no amulet)
HPRegen  0.12/turn              (no ring)
MPRegen  0.09/turn              (no ring)

@: confused
A: large, unfitting armour, tough skin 1
a: no special abilities


You were on level 2 of the Dungeon.
You were very hungry.

You visited 1 branch of the dungeon, and saw 2 of its levels.

You collected 137 gold pieces.

Inventory:

Hand Weapons
 h - a +0 mace (weapon)
Missiles
 c - 4 large rocks (quivered)
 d - a throwing net
Armour
 a - a +0 robe (worn)
Scrolls
 b - a scroll of amnesia
 e - 4 scrolls of remove curse
Potions
 i - a potion of flight
Comestibles
 f - 4 rations


   Skills:
 * Level 2.8 Fighting
 * Level 2.7 Throwing
 + Level 2.1 Dodging
 + Level 1.7 Spellcasting
 + Level 2.9 Hexes


You had 2 spell levels left.
You knew the following spells:

 Your Spells              Type           Power        Failure   Level  Hunger
a - Corona                Hex            #......      8%          1    ##.....
b - Slow                  Hex            #.......     11%         2    ###....

Your spell library contained the following spells:

 Spells                   Type           Power        Failure   Level  Hunger
 Cause Fear               Hex            #.........   58%         4    #####..
 Portal Projectile        Hex/Tloc       #.....       38%         3    ####...
 Leda's Liquefaction      Hex/Erth       #.........   80%         4    #####..
 Inner Flame              Hex/Fire       #.......     38%         3    ####...


Dungeon Overview and Level Annotations

Branches:
Dungeon (2/15)

Altars:

Annotations:
D:2 Sigmund


Innate Abilities, Weirdness & Mutations

You are too large for most types of armour.
You have tough skin. (AC +1)


Message History

Press: ? - help, Shift-Dir - straight line, f/p - Sigmund
Aim: Sigmund, wielding a scythe and wearing a robe (severely wounded, chance to defeat MR: 52%) Sigmund struggles to resist.
Sigmund hits you with a scythe!
* * * LOW HITPOINT WARNING * * *
You hit Sigmund but do no damage.
Sigmund is severely wounded.
Sigmund casts a spell at you.
You are confused.
You hit Sigmund.
Sigmund is severely wounded.
Sigmund casts a spell at you.
You are more confused.
Sigmund closely misses you.
You're too confused to cast spells.
You're too confused!
Unknown command.
You barely miss Sigmund.
Sigmund is severely wounded.
Sigmund hits you with a scythe!
You die...

#.........# ... ######.........#
... #...##....>....# ....
.#...... #...##.........# ....
.#.......#...##.........# ..).
.#.......#...##.........# ....
... #.......##.........# .... ..
##.....##.........#### .... .#
#...@@.##............# ....#.#
#..#..............>..# ####..#
#..#....##...........#
....†#######..#..#####..........#
..........##..#.## ####.......#
...........#.... #.......#
.......###.....##### ####.......#
.....#.............###..[.......#
.....#...####...................#


You could see Sigmund.

Vanquished Creatures
  An adder (D:2)
  A worm (D:2)
  3 dart slugs
  3 giant cockroaches (D:1)
  5 hobgoblins
  5 bats
  4 frilled lizards
  2 goblins (D:1)
  5 kobolds
  7 rats
36 creatures vanquished.

Notes
Turn   | Place    | Note
-------+----------+-------------------------------------------
     0 | D:1      | JeffiDaFish the Ogre Arcane Marksman began the quest for the Orb.
     0 | D:1      | Reached XP level 1. HP: 19/19 MP: 2/2
    55 | D:1      | Reached XP level 2. HP: 14/28 MP: 4/4
   856 | D:1      | Learned a level 2 spell: Slow
   984 | D:1      | Reached XP level 3. HP: 35/35 MP: 3/5
  2113 | D:2      | Noticed Sigmund
  2132 | D:2      | Slain by Sigmund

Vault maps used:
D:1:      dpeg_arrival_radiant
D:2:      uniq_sigmund, uniq_crazy_yiuf_cottage

Skill      XL: |  1  2 |
---------------+-------+-----
Fighting       | 2 |  2.8
Dodging        | 2 |  2.1
Throwing       | |  2.7
Spellcasting   | |  1.7
Hexes          | |  2.9

Action                   || total
-------------------------++-------
Melee: Unarmed           ||    13
       Club              ||    10
       Mace              ||    45
Throw: Large rock        ||    30
       Throwing net      ||     1
 Cast: Corona            ||    36
       Slow              ||     3
  Use: Scroll            ||     7
       Potion            ||     1
  Eat: Chunk             ||     4
Armor: Robe              ||    21
Dodge: Dodged            ||    40

Table legend:
 A = Spawn XP
 B = Non-spawn XP
 C = Spawn XP percentage of total XP
 D = Spawn monster count
 E = Non-spawn monster count
 F = Spawn count percentage of total count
 G = Total turns spent on level
                    A         B        C        D         E        F      G
               +---------+---------+-------+---------+---------+-------+---------
         Total |       0 |      75 |   0.0 |       0 |      36 |   0.0 |  2132
               +---------+---------+-------+---------+---------+-------+---------
           D:1 |       0 |      34 |   0.0 |       0 |      20 |   0.0 |  1120
           D:2 |       0 |      41 |   0.0 |       0 |      16 |   0.0 |  1012
               +---------+---------+-------+---------+---------+-------+---------
